 Dungeon Crawl Stone Soup version 0.31-a0-446-g07c4bd200f (webtiles) character file.

Game seed: 3685760645358900252

4564 Ethylacetat the Insei (level 10, -1/123 HPs)
             Began as a Vine Stalker Monk on Aug 3, 2023.
             Slain by a wyvern (4 damage)
             ... on level 8 of the Dungeon.
             The game lasted 00:09:19 (5468 turns).

Ethylacetat the Insei (Vine Stalker Monk)           Turns: 5468, Time: 00:09:19

Health: -1/123     AC: 32    Str: 14    XL:     10   Next: 40%
Magic:  0/21       EV:  2    Int: 10    God:
Gold:   539        SH:  0    Dex: 27    Spells: 22/22 levels left

rFire   . . .        B - +2 long sword (protect)
rCold   . . .        c - orb {light}
rNeg    . . .        w - melded +3 ring mail
rPois   +            (helmet currently unavailable)
rElec   .            (cloak currently unavailable)
rCorr   .            (gloves currently unavailable)
SInv    .            (boots currently unavailable)
Will    +....        (no amulet) Stlth
                     j - +6 ring of dexterity
HPRegen 1.20/turn    s - +5 ring of evasion
MPRegen 0.17/turn

%: guardian spirit
@: berserking, lethally poisoned (-1 -> -2), tree-form, under a protective aura,
hasted, glowing, very quick
A: stationary, stasis, torment immunity, boosted hp, (fangs 3), regeneration 1,
magic shield, (antimagic bite), no potion heal 2
a: no special abilities


You were on level 8 of the Dungeon.
You were a tree.
You visited 2 branches of the dungeon, and saw 9 of its levels.

You collected 539 gold pieces.

Inventory:

Hand Weapons
 B - a +2 long sword of protection (weapon)
Armour
 c - an orb of light (worn)
 w - a +3 ring mail (melded)
Jewellery
 j - a +6 ring of dexterity (left branch)
 k - a ring of poison resistance
 o - a ring of protection from fire
 s - a +5 ring of evasion (right branch)
Talismans
 n - a beast talisman
Wands
 y - a wand of flame (11)
 A - a wand of digging (5)
 E - a wand of mindburst (23)
Scrolls
 d - 3 scrolls of teleportation {unknown}
 e - 3 scrolls of enchant weapon {unknown}
 g - a scroll of vulnerability {unknown}
 h - a scroll of revelation {unknown}
 i - 9 scrolls of identify {unknown}
 m - 2 scrolls of enchant armour {unknown}
 q - 2 scrolls of poison {unknown}
 r - 2 scrolls of silence {unknown}
 t - a scroll of immolation {unknown}
 u - a scroll of blinking {unknown}
 x - 2 scrolls of fear {unknown}
Potions
 f - 2 potions of curing
 l - 2 potions of lignification
 p - a potion of haste
 v - a potion of brilliance {unknown}
 z - a potion of heal wounds {unknown}
 C - a potion of mutation {unknown}
 D - a potion of degeneration {unknown}


   Skills:
 + Level 7.0 Fighting
 - Level 2.7 Dodging
 + Level 7.5 Unarmed Combat
 + Level 6.6 Spellcasting
 * Level 7.3 Shapeshifting


You had 22 spell levels left.
You didn't know any spells.
Your spell library contained the following spells:

 Spells                   Type           Power      Damage    Failure   Level
 Kiss of Death            Conj/Necr      12%        2d6       21%         1
 Magic Dart               Conj           12%        1d3       21%         1
 Slow                     Hex            12%        N/A       21%         1
 Blink                    Tloc           6%         N/A       30%         2
 Call Imp                 Summ           6%         N/A       30%         2
 Lesser Beckoning         Tloc           6%         N/A       30%         2
 Momentum Strike          Conj/Tloc      6%         3d8       30%         2
 Scorch                   Fire           6%         2d5       30%         2
 Confusing Touch          Hex            3%         N/A       52%         3
 Mephitic Cloud           Conj/Pois/Air  3%         N/A       52%         3
 Stone Arrow              Conj/Erth      6%         3d7       52%         3
 Vampiric Draining        Necr           3%         2d6       52%         3
 Animate Armour           Summ/Erth      6%         N/A       89%         4
 Dispel Undead            Necr           3%         3d7       89%         4
 Flame Wave               Conj/Fire      3%         2d5       89%         4
 Summon Cactus Giant      Summ           1%         N/A       100%        6
 Lehudib's Crystal Spear  Conj/Erth      1%         10d2      100%        8


Dungeon Overview and Level Annotations

Branches:
Dungeon (8/15)             Temple (1/1) D:5            Lair (0/5) D:8

Altars:
Dithmenos
Fedhas
Kikubaaqudgha
Nemelex Xobeh
Qazlal
Ru
Sif Muna
Trog
Uskayaw
Yredelemnul
The Shining One


Innate Abilities, Weirdness & Mutations

You are a tree.
Your roots penetrate the ground, keeping you stationary.
You cannot be teleported.
You are immune to unholy pain and torment.
Your maximum health is greatly increased.
Your equipment is partially melded.
((You have razor-sharp teeth.))
Your natural rate of healing is unusually fast.
When hurt, damage is shared between your health and your magic reserves.
((Your bite disrupts and absorbs the magic of your enemies.))
Potions cannot restore your health.


Message History

The wolf bites you.
* * * LOW HITPOINT WARNING * * *
The wolf bites you but does no damage. The wyvern completely misses you.
The wyvern bites you but does no damage.
You slash the wolf!
Your weapon exudes an aura of protection.
You kill the wolf!
The wolf pauses to sniff the ground.
The wolf bites you but does no damage.
The water moccasin bites you but does no damage.
The wolf bites you but does no damage.
The wyvern bites you but does no damage.
The wolf bites you.
* * * LOW HITPOINT WARNING * * *
The wyvern bites you.
* * * LOW HITPOINT WARNING * * *
The water moccasin bites you.
You are poisoned.
The water moccasin poisons you!
Your Fighting skill increases to level 7!
You slash the water moccasin!
The water moccasin is severely wounded.
You feel very sick.
The wolf bites you but does no damage. x2
The wyvern bites you but does no damage. x2
The water moccasin bites you but does no damage.
The wolf bites you but does no damage.
You barely miss the water moccasin.
The water moccasin is severely wounded.
You feel sick. The wolf bites you.
* * * LOW HITPOINT WARNING * * *
The wyvern bites you but does no damage. x2
The iguana bites you but does no damage.
The wolf bites you.
The water moccasin bites you but does no damage.
The wolf bites you but does no damage.
You slash the water moccasin!
You kill the water moccasin!
You feel sick. The wyvern bites you.
You die...

##.!...... ..........)
###........# #.#.....).)
........P..###.........#
.#P..P....♣.##...#.....#
.................#.....#
.......P...........#†###
............P....#.....#
....♣$†ll...........##..
..P..lh♣P...........##..
.P....hll....♣.......<.#
.P.....l................
............P.........##
.P♣....P............#.#
.....P.....♣........#..#
#..........P.....#####.#
##.PP......##....# # ♣
#..


You could see a basilisk, 3 wyverns, 2 wolves and 2 iguanas.

Vanquished Creatures
  Psyche (D:8)
  A hornet (D:8)
  Grinder (D:5)
  Prince Ribbit (D:8)
  A water moccasin (D:8)
  A sky beast (D:8)
  2 orc warriors (D:6)
  4 black bears
  An ogre (D:6)
  2 wolves (D:8)
  3 phantoms (D:6)
  Blork the orc (D:6)
  A kobold brigand (D:8)
  2 scorpions
  17 wights
  5 killer bees (D:8)
  A howler monkey (D:8)
  An iron imp (D:8)
  3 jellies
  4 orc priests
  3 hounds
  3 sleepcaps
  14 orc wizards
  6 iguanas
  14 adders
  A shadow imp (D:5)
  A white imp (D:5)
  An ufetubus (D:6)
  2 worms
  3 dart slugs
  26 orcs
  6 bats
  3 endoplasms
  5 giant cockroaches
  11 goblins
  8 hobgoblins
  2 jackals (D:4)
  13 kobolds
  5 quokkas
  4 ball pythons
  6 frilled lizards
  2 goblin skeletons (D:8)
  2 goblin zombies (D:8)
  2 hobgoblin zombies (D:8)
  2 orc zombies (D:8)
  3 rats
201 creatures vanquished.

Vanquished Creatures (others)
  A wizard (D:7)
1 creature vanquished.

Grand Total: 202 creatures vanquished

Notes
Turn   | Place    | Note
-------+----------+-------------------------------------------
     0 | D:1      | Ethylacetat the Vine Stalker Monk began the quest for the
                  | Orb.
     0 | D:1      | Reached XP level 1. HP: 11/11 MP: 2/2
   173 | D:1      | Reached XP level 2. HP: 16/16 MP: 3/3
   581 | D:1      | Reached XP level 3. HP: 20/20 MP: 4/4
   900 | D:2      | Reached skill level 1 in Spellcasting
  1007 | D:2      | Gained mutation: Your natural rate of healing is unusually
                  | fast. [Vine Stalker growth]
  1007 | D:2      | Reached XP level 4. HP: 16/24 MP: 6/6
  1714 | D:3      | Reached XP level 5. HP: 29/29 MP: 8/8
  2375 | D:4      | HP: 1/29 [iguana (6)]
  2387 | D:4      | Reached skill level 1 in Shapeshifting
  2387 | D:4      | Reached XP level 6. HP: 4/33 MP: 2/10
  2488 | D:4      | Noticed a black bear
  2495 | D:4      | Killed a black bear
  2798 | D:5      | Entered Level 5 of the Dungeon
  2928 | D:5      | Reached XP level 7. HP: 30/37 MP: 7/12
  3126 | D:5      | Found a sparkling altar of Nemelex Xobeh.
  3136 | D:5      | Reached skill level 5 in Unarmed Combat
  3230 | D:5      | Found a staircase to the Ecumenical Temple.
  3252 | Temple   | Entered the Ecumenical Temple
  3309 | D:5      | Noticed Grinder
  3321 | D:5      | Paralysed by Grinder for 2 turns
  3323 | D:5      | Killed Grinder
  3324 | D:5      | Reached skill level 5 in Fighting
  3324 | D:5      | Gained mutation: You have razor-sharp teeth. [Vine Stalker
                  | growth]
  3324 | D:5      | Reached XP level 8. HP: 37/43 MP: 11/15
  3524 | D:5      | Found a shadowy altar of Dithmenos.
  3892 | D:6      | Noticed Blork the orc
  3899 | D:6      | Killed Blork the orc
  3900 | D:6      | Reached XP level 9. HP: 35/47 MP: 17/17
  3946 | D:6      | Reached skill level 5 in Shapeshifting
  3965 | D:6      | Reached skill level 5 in Spellcasting
  4224 | D:6      | Identified the +0 ring mail "Ehunuong" {rN+}
  4703 | D:7      | Found a bloodstained altar of Trog.
  5146 | D:7      | Noticed a wizard
  5151 | D:7      | Killed a wizard
  5241 | D:8      | Reached XP level 10. HP: 53/53 MP: 20/20
  5303 | D:8      | Found a glowing golden altar of the Shining One.
  5371 | D:8      | Noticed Psyche
  5379 | D:8      | Killed Psyche
  5418 | D:8      | Noticed Prince Ribbit
  5424 | D:8      | Killed Prince Ribbit
  5443 | D:8      | Found a staircase to the Lair.
  5466 | D:8      | HP: 5/123 [poisoned by a water moccasin]
  5468 | D:8      | Slain by a wyvern

Illustrated notes

Levels and vault maps discovered:
D:1:      elethiomel_arrival_infinity_welcomes_careful_drivers,
          layout_loops_ring
D:2:      layout_basic, minmay_tromino_v4_c
D:3:      minmay_recursive_quarters, layout_basic
D:4:      layout_rooms
D:5:      layout_basic, lemuel_round_altar, kennysheep_little_box,
          minmay_temple_entry_overgrown, uniq_grinder
D:6:      layout_loops_ring, uniq_blork_the_orc
D:7:      minmay_flawed_box, layout_loops_ring, trog_wizard
D:8:      layout_rooms, nicolae_elyvilon_peaceful_grove,
          nicolae_tso_besieged_by_evil, minmay_lair_entry_grove,
          uniq_prince_ribbit1, uniq_psyche
Temple:   hellmonk_temple_of_storms

Skill      XL: |  1  2  3  4  5  6  7  8  9 10 |
---------------+-------------------------------+-----
Fighting       | 3 4 5 6 7 |  7.0
Spellcasting   | 1 2 3 4 6 |  6.6
Unarmed Combat | 4 5 6 7 |  7.5
Shapeshifting  | 1 2 3 4 6 7 |  7.3
Dodging        | |  2.7

Action                     |  1- 3 |  4- 6 |  7- 9 | 10-12 || total
---------------------------+-------+-------+-------+-------++-------
  Melee: Unarmed           |    70 |   114 |       |       ||   184
         Bite              |    18 |    57 |    93 |    22 ||   190
         Spear             |       |    40 |   236 |       ||   276
         Long sword        |       |       |    42 |    69 ||   111
    Use: Potion            |       |     1 |       |     5 ||     6
   Stab: Sleeping          |       |       |     1 |       ||     1
 Armour: Robe              |     9 |    24 |     3 |       ||    36
         Ring mail         |       |       |    37 |    27 ||    64
         Skin              |       |       |       |    94 ||    94
  Dodge: Dodged            |    57 |   107 |   198 |    58 ||   420
   Form: Beast             |       |     1 |       |       ||     1

Table legend: (Time is in decaauts)
 A = Elapsed time spent in this place.
 B = Non-inter-level travel time spent in this place.
 C = Inter-level travel time spent in this place.
 D = Time resting spent in this place.
 E = Time spent auto-exploring this place.
 F = Levels seen in this place.
 G = Mean time per level.
                   A        B        C        D        E       F      G
               +--------+--------+--------+--------+--------+-----+--------+
         Total |   5521 |   5385 |    136 |     14 |   4178 |   9 |  613.4 |
       Dungeon |   5519 |   5383 |    136 |     14 |   4178 |   8 |  689.9 |
        Temple |      1 |      1 |      0 |      0 |      0 |   1 |    1.0 |
               +--------+--------+--------+--------+--------+-----+--------+

Top non-repeatable levels by time:
     D:5: 880 daAuts
     D:3: 828 daAuts
     D:7: 821 daAuts
     D:1: 747 daAuts
     D:6: 742 daAuts
     D:2: 671 daAuts
     D:4: 538 daAuts
     D:8: 289 daAuts
  Temple: 1 daAuts
